 Dungeon Crawl Stone Soup version 0.29-a0-839-g4793fd635e (webtiles) character file.

Game seed: 1965843565684126840

137 DungeonMaster the Twirler (level 5, 30/38 HPs)
             Began as a Demonspawn Wanderer on July 14, 2022.
             Quit the game on level 3 of the Dungeon.
             The game lasted 00:04:58 (2243 turns).

DungeonMaster the Twirler (Demonspawn Wanderer)     Turns: 2243, Time: 00:04:59

Health: 30/38      AC:  7    Str: 10    XL:     5   Next: 0%
Magic:  7/7        EV: 12    Int: 19    God:
Gold:   114        SH:  0    Dex: 11    Spells: 5/7 levels left

rFire   . . .      SeeInvis .   s - +3 short sword (venom)
rCold   . . .      Faith    .   (no shield)
rNeg    . . .      Spirit   .   d - +0 robe
rPois   .          Reflect  .   (helmet restricted)
rElec   .          Harm     .   (no cloak)
rCorr   .          Rampage  .   (no gloves)
Will    .....                   h - +2 pair of boots
Stlth   +.........              (no amulet)
HPRegen 0.12/turn               (no ring)
MPRegen 0.10/turn               (no ring)

@: no status effects
A: antennae 1, thin metallic scales 1
a: no special abilities


You were on level 3 of the Dungeon.
You visited 1 branch of the dungeon, and saw 3 of its levels.

You collected 114 gold pieces.

Inventory:

Hand Weapons
 a - a +2 quarterstaff
 s - a +3 short sword of venom (weapon)
Missiles
 i - 14 stones
Armour
 d - a +0 robe (worn)
 h - a +2 pair of boots (worn)
Wands
 b - a wand of polymorph (6) (quivered)
Potions
 c - 2 potions of mutation
 e - a potion of heal wounds {unknown}
 k - 3 potions of curing


   Skills:
 * Level 2.2 Fighting
 - Level 4.5 Staves
 * Level 2.0 Dodging
 * Level 1.9 Spellcasting
 * Level 1.4 Conjurations
 * Level 1.8 Air Magic
 - Level 3.0 Evocations


You had 5 spell levels left.
You knew the following spells:

 Your Spells              Type           Power      Damage    Failure   Level
a - Static Discharge      Conj/Air       8%         3-4/arc   13%         2

Your spell library contained the following spells:

 Spells                   Type           Power      Damage    Failure   Level
 Slow                     Hex            4%         N/A       17%         1
 Sting                    Tmut/Pois      4%         1d3       17%         1
 Poisonous Vapours        Pois/Air       10%        N/A       19%         2
 Mephitic Cloud           Conj/Pois/Air  5%         N/A       32%         3
 Dazzling Flash           Conj/Hex       8%         N/A       36%         3
 Confusing Touch          Hex            1%         N/A       45%         3
 Ignite Poison            Fire/Tmut/Pois 1%         N/A       45%         3
 Vampiric Draining        Necr           1%         2d6       45%         3
 Iskenderun's Mystic Bla  Conj/Tloc      4%         2d3       77%         4
 Olgreb's Toxic Radiance  Pois           1%         N/A       86%         4
 Freezing Cloud           Conj/Ice/Air   2%         6-21      97%         5
 Starburst                Conj/Fire      2%         6d3       100%        6


Dungeon Overview and Level Annotations

Branches:
Dungeon (3/15)

Altars:

Shops:
D:1 *:[?[   D:3 *

Annotations:
D:1 exclusion: 4 doors


Innate Abilities, Weirdness & Mutations

You have a pair of small antennae on your head.
You are partially covered in thin metallic scales. (AC +2)


Message History

No target in view!
No target in view!
No target in view!
No target in view!
No target in view!
No target in view!
No target in view!
No target in view!
No target in view!
No target in view!
No target in view!
No target in view!
No target in view!
There is an entrance to Heshet's Assorted Antiques here.
You can access your shopping list by pressing '$'.
An adder comes into view.
Found 2 scrolls of identify.
The adder hisses angrily.
The adder barely misses you.
You hit the adder but do no damage.
The adder is poisoned.
The adder barely misses you. x2
You barely miss the adder. The adder bites you but does no damage.
You closely miss the adder. The adder bites you but does no damage.
The adder closely misses you.
You hit the adder.
The adder is heavily wounded.
The adder barely misses you. The adder attacks as you move away!
The adder bites you but does no damage. The adder bites you.
You are poisoned.
The adder poisons you! The adder attacks as you move away!
The adder barely misses you.
You feel sick.
You feel sick.
You kill the adder!
You have reached level 5!
Your demonic ancestry asserts itself...
A pair of antennae grows on your head!
You feel sick. x3
You are no longer poisoned.
Are you sure you want to abandon this character and quit the game? (Confirm with "yes".)

..............##.......
#..........†..........
........<........†....)
.#...............#...##
###...#...##.###......
#...#.∩###.##.....## ##.
####................
.?...######...##...#.....##
#.......@.............##
#.########.###...###### #.#
### #<# ..# ..# ##


There were no monsters in sight!

Vanquished Creatures
  A centaur (D:2)
  2 adders
  A worm (D:3)
  A ball python (D:1)
  7 bats
  6 endoplasms
  7 hobgoblins
  A quokka (D:1)
  3 frilled lizards (D:2)
  2 goblins (D:1)
  8 kobolds
  4 rats
43 creatures vanquished.

Notes
Turn   | Place    | Note
-------+----------+-------------------------------------------
     0 | D:1      | DungeonMaster the Demonspawn Wanderer began the quest for
                  | the Orb.
     0 | D:1      | DungeonMaster set off with the following items: a +2
                  | quarterstaff, a wand of polymorph (7), a potion of
                  | mutation, a +0 robe; and the following spells available to
                  | memorise: Poisonous Vapours, Static Discharge.
     0 | D:1      | Reached XP level 1. HP: 13/13 MP: 2/2
    41 | D:1      | Found Afatim's Book Shoppe.
   264 | D:1      | Found Venomaesch's General Store.
   336 | D:1      | Found Wal Laxe's Antique Armour Shop.
   404 | D:1      | Reached skill level 1 in Fighting
   468 | D:1      | Found Ecycyamuth's Magic Scroll Emporium.
   501 | D:1      | Reached skill level 1 in Dodging
   501 | D:1      | Gained mutation: You are partially covered in thin metallic
                  | scales. (AC +2) [demonic ancestry]
   501 | D:1      | Reached XP level 2. HP: 21/21 MP: 3/3
   774 | D:1      | Found Vaom's Antique Armour Shop.
   843 | D:1      | Learned a level 2 spell: Static Discharge
  1284 | D:2      | Reached XP level 3. HP: 26/26 MP: 4/4
  1615 | D:2      | Noticed a scorpion
  1618 | D:2      | Noticed a centaur
  1618 | D:2      | a scorpion changed into a centaur
  1628 | D:2      | Killed a centaur
  1629 | D:2      | Reached skill level 1 in Conjurations
  1629 | D:2      | Reached XP level 4. HP: 15/33 MP: 6/6
  2197 | D:3      | Found Heshet's Assorted Antiques.
  2240 | D:3      | Gained mutation: You have a pair of small antennae on your
                  | head. [demonic ancestry]
  2240 | D:3      | Reached XP level 5. HP: 33/38 MP: 7/7
  2243 | D:3      | Quit the game

Illustrated notes

Levels and vault maps discovered:
D:1:      dpeg_arrival_short_road, layout_loops_corners, serial_shops, shop,
          nicolae_shop_statue_plus, shop_scrolls, nicolae_shop_crystal,
          nicolae_shop_window_shopping
D:2:      layout_loops_ring, basic_altar
D:3:      layout_loops_ring, serial_shops, shop, minmay_misc_feat_rows

Skill      XL: |  1  2  3  4 |
---------------+-------------+-----
Fighting       | 1 2 |  2.2
Dodging        | 1 2 |  2.0
Conjurations   | 1 |  1.4
Staves         | |  4.5
Spellcasting   | |  1.9
Air Magic      | |  1.8
Evocations     | |  3.0

Action                   |  1- 3 |  4- 6 || total
-------------------------+-------+-------++-------
Melee: Quarterstaff      |    89 |     5 ||    94
       Short sword       |       |    11 ||    11
Evoke: Wand              |     1 |       ||     1
  Use: Scroll            |     6 |     3 ||     9
 Stab: Sleeping          |     2 |       ||     2
Armor: Robe              |    33 |    12 ||    45
Dodge: Dodged            |    58 |    24 ||    82

Table legend: (Time is in decaauts)
 A = Elapsed time spent in this place.
 B = Non-inter-level travel time spent in this place.
 C = Inter-level travel time spent in this place.
 D = Time resting spent in this place.
 E = Time spent auto-exploring this place.
 F = Levels seen in this place.
 G = Mean time per level.
                   A        B        C        D        E       F      G
               +--------+--------+--------+--------+--------+-----+--------+
         Total |   2249 |   2223 |     26 |    235 |   1624 |   3 |  749.7 |
       Dungeon |   2249 |   2223 |     26 |    235 |   1624 |   3 |  749.7 |
               +--------+--------+--------+--------+--------+-----+--------+

Top non-repeatable levels by time:
     D:1: 1179 daAuts
     D:2: 1001 daAuts
     D:3: 68 daAuts
